 Dungeon Crawl Stone Soup version 0.18.1-47-g9310371 (console) character file.

1286 Kloppie the Cudgeler (level 8, -1/64 HPs)
             Began as a Human Fighter on June 20, 2016.
             Was a Follower of Okawaru.
             Killed from afar by Kloppie's ghost (16 damage)
             ... with a bolt of negative energy
             ... on level 6 of the Dungeon.
             The game lasted 00:12:18 (7165 turns).

Kloppie the Cudgeler (Human Fighter)                Turns: 7165, Time: 00:12:18

Health: -1/64      AC: 14    Str: 21    XL:     8   Next: 85%
Magic:  8/8        EV:  5    Int:  9    God:    Okawaru [*.....]
Gold:   288        SH:  8    Dex: 15    Spells: 0 memorised, 7 levels left

rFire  . . .     SeeInvis .     a - +2 flail (crush)
rCold  . . .     Gourm    .     w - +0 chain mail
rNeg   . . .     Faith    .     c - +0 shield
rPois  +         Spirit   .     z - +0 helmet
rElec  .         Dismiss  .     i - +0 cloak
rCorr  .         Reflect  .     n - +1 pair of gloves
SustAt .         Harm     .     (no boots)
MR     .....                    (no amulet)
Stlth  ..........               q - ring of stealth
                                f - ring of poison resistance

@: mighty, heavily drained, not resistant to hostile enchantments, extremely
unstealthy
A: no striking features
a: Heroism, Renounce Religion


You were on level 6 of the Dungeon.
You worshipped Okawaru.
Okawaru was aware of your devotion.
You were not hungry.

You visited 2 branches of the dungeon, and saw 7 of its levels.
You also visited: Sewer.

You collected 288 gold pieces.

Inventory:

Hand Weapons
 a - a +2 flail of crushing (weapon)
 t - a +0 flail
Armour
 c - a +0 shield (worn)
 i - a +0 cloak (worn)
 n - a +1 pair of gloves (worn)
 w - a +0 chain mail (worn)
 z - a +0 helmet (worn)
Jewellery
 f - a ring of poison resistance (left hand)
 q - a ring of stealth (right hand)
Wands
 o - a wand of iceblast (9/15)
 x - a wand of flame (36/48)
 y - a wand of iceblast (6/15)
 C - a wand of acid (7/15)
Scrolls
 d - 2 scrolls of teleportation
 g - 4 scrolls of remove curse
 p - 2 scrolls of enchant armour
 E - a scroll of identify
Potions
 b - a potion of magic
 e - 3 potions of heal wounds
 h - 2 potions of flight
 k - a potion of resistance
 m - a potion of might
 u - a potion of curing
Books
 l - a book of Envenomations

   Spells                             Type                      Level
   a - Spider Form                    Transmutation/Poison         3
   b - Olgreb's Toxic Radiance        Poison                       4
   c - Alistair's Intoxication        Transmutation/Poison         5
   d - Poisonous Cloud                Conjuration/Poison/Air       6
 v - a book of Conjurations

   Spells                             Type                      Level
   a - Magic Dart                     Conjuration                  1
   b - Searing Ray                    Conjuration                  2
   c - Dazzling Spray                 Conjuration/Hexes            3
   d - Fulminant Prism                Conjuration/Hexes            4
   e - Iskenderun's Mystic Blast      Conjuration                  4
   f - Iskenderun's Battlesphere      Conjuration/Charms           5
 B - a book of Party Tricks

   Spells                             Type                      Level
   a - Summon Butterflies             Summoning                    1
   b - Apportation                    Translocation                1
   c - Tukima's Dance                 Hexes                        3
   d - Alistair's Intoxication        Transmutation/Poison         5
   e - Invisibility                   Hexes                        6
Comestibles
 j - 2 fruits
 r - 6 meat rations
 s - a beef jerky
 A - a bread ration
 D - 8 chunks of flesh


   Skills:
 + Level 6.0(4.4) Fighting
 * Level 7.3(5.7) Maces & Flails
 + Level 5.8(4.3) Armour
 - Level 3.0(1.5) Shields


You had 7 spell levels left.
You didn't know any spells.

Dungeon Overview and Level Annotations

Branches:
Dungeon (6/15)             Temple (1/1) D:4

Altars:
Ashenzari
Cheibriados
Dithmenos
Elyvilon
Gozag
Kikubaaqudgha
Makhleb
Nemelex Xobeh
Okawaru
Qazlal
Ru
Sif Muna
Trog
Vehumet
Yredelemnul
Zin
The Shining One

Shops:
D:4 (

Annotations:
D:6 Kloppie's ghost, novice DrFi


Message History

a war axe; a scale mail; an orc corpse You butcher the orc corpse.
D - 8 chunks of flesh (gained 1)
Things that are here:
a war axe; a scale mail
Things that are here:
a short sword; a mace; a ring mail You start resting.
Kloppie's ghost turns its malevolent gaze towards you.
Drink which item? (? for menu, Esc to quit)
You feel very mighty all of a sudden.
You hit Kloppie's ghost but do no damage.
Kloppie's ghost breathes negative energy at you.
The bolt of negative energy hits you!
You feel drained.
* * * LOW HITPOINT WARNING * * *
You closely miss Kloppie's ghost. Kloppie's ghost hits you!
* * * LOW HITPOINT WARNING * * *
Kloppie's ghost breathes negative energy at you.
The bolt of negative energy hits you!
You feel drained.
You die...

# #.
#.#.#####
#...))..#
#..W)...#
......###..#
.#..#####..#
... ..##..#
.. #.##W## .
#.##@#
..#.###.##.#
...........#
.#.###.####
#...#.##
###....####
#....#....<#
#.##.#..####
# #....#


You could see Kloppie's ghost.

Vanquished Creatures
  Menkaure (D:5)
  Edmund (D:5)
  A water moccasin (D:5)
  A sky beast (D:5)
  A centaur (D:3)
  2 big kobolds (Sewer)
  A scorpion (D:4)
  A centaur zombie (D:5)
  An orc priest (D:6)
  A hound (D:5)
  A giant frog skeleton (D:4)
  Terence (D:3)
  An iguana (D:5)
  A worker ant (D:5)
  Ijyb (D:3)
  7 gnolls
  12 adders
  3 river rats
  6 oozes
  4 worms
  2 dart slugs (D:1)
  5 giant geckos
  10 orcs
  9 bats
  5 giant cockroaches
  9 goblins
  8 hobgoblins
  11 jackals
  13 kobolds
  6 ball pythons
  A giant gecko skeleton (D:5)
  6 giant newts
  2 quokka skeletons (D:4)
  18 rats
153 creatures vanquished.

Notes
Turn   | Place    | Note
--------------------------------------------------------------
     0 | D:1      | Kloppie the Human Fighter began the quest for the Orb.
     0 | D:1      | Reached XP level 1. HP: 18/18 MP: 1/1
    41 | D:1      | Reached XP level 2. HP: 15/24 MP: 2/2
   439 | D:1      | Reached XP level 3. HP: 24/29 MP: 3/3
   876 | D:2      | Reached skill level 3 in Maces & Flails
  1109 | D:2      | Reached XP level 4. HP: 34/35 MP: 4/4
  1328 | D:2      | Reached XP level 5. HP: 16/42 MP: 5/5
  2506 | D:3      | Found a glowing drain.
  2510 | Sewer    | Entered a sewer
  2529 | Sewer    | Noticed a big kobold
  2565 | Sewer    | Killed a big kobold
  2565 | Sewer    | Reached skill level 4 in Maces & Flails
  2565 | Sewer    | Reached XP level 6. HP: 31/48 MP: 6/6
  3529 | Sewer    | Reached XP level 7. HP: 37/55 MP: 7/7
  3973 | D:3      | Noticed Terence
  3994 | D:3      | Killed Terence
  4237 | D:3      | Reached skill level 5 in Maces & Flails
  4426 | D:3      | Noticed Ijyb
  4444 | D:3      | Killed Ijyb
  4602 | D:3      | Reached skill level 5 in Fighting
  4813 | D:4      | Found Baschaikh's Weapon Boutique.
  5161 | D:4      | Reached skill level 5 in Armour
  5195 | D:4      | Found a staircase to the Ecumenical Temple.
  5209 | Temple   | Entered the Ecumenical Temple
  5227 | Temple   | Became a worshipper of Warmaster Okawaru
  5354 | D:4      | Found a basalt altar of Yredelemnul.
  5591 | D:5      | Entered Level 5 of the Dungeon
  5690 | D:5      | Noticed a water moccasin
  5699 | D:5      | Killed a water moccasin
  5699 | D:5      | Reached skill level 6 in Maces & Flails
  5699 | D:5      | Reached XP level 8. HP: 60/62 MP: 8/8
  6197 | D:5      | Reached * piety under Okawaru
  6252 | D:5      | Noticed Menkaure
  6260 | D:5      | Killed Menkaure
  6481 | D:5      | Noticed Edmund
  6498 | D:5      | Killed Edmund
  6498 | D:5      | Reached skill level 7 in Maces & Flails
  7060 | D:6      | Noticed Kloppie's ghost (novice DrFi)
  7165 | D:6      | Killed from afar by Kloppie's ghost

Skill      XL: |  1  2  3  4  5  6  7  8 |
---------------+-------------------------+-----
Maces & Flails | 3 4 6 7 |  7.3
Fighting       | 4 5 6 |  6.0
Armour         | 4 5 |  5.8
Shields        | |  3.0

Action                   |  1- 3 |  4- 6 |  7- 9 || total
-------------------------+-------+-------+-------++-------
Melee: Flail             |    91 |   251 |   267 ||   609
  Use: Potion            |       |     1 |     2 ||     3
       Scroll            |       |       |    15 ||    15
  Eat: Chunk             |     1 |     3 |     7 ||    11
       Bread ration      |       |     2 |     1 ||     3
Armor: Scale mail        |    41 |   109 |    11 ||   161
       Chain mail        |       |       |   138 ||   138
Dodge: Dodged            |    31 |    58 |    35 ||   124
Block: Shield            |    44 |    78 |   121 ||   243
